 Dungeon Crawl Stone Soup version 0.30-a0-368-g86fb4627a9 (webtiles) character file.

Game seed: 9810060355494384527

2104 retardedninja the Protected (level 9, -1/81 HPs)
             Began as a Minotaur Fighter on Nov 18, 2022.
             Was an Initiate of Gozag.
             Slain by an orc zombie
             ... wielding a +0 spear
              (3 damage)
             ... in a bailey.
             The game lasted 00:14:51 (8950 turns).

retardedninja the Protected (Minotaur Fighter)      Turns: 8950, Time: 00:14:52

Health: -1/81      AC: 15    Str: 25    XL:     9   Next: 7%
Magic:  8/8        EV:  7    Int:  3    God:    Gozag
Gold:   575        SH:  5    Dex: 10    Spells: 8/8 levels left

rFire   x . .      SeeInvis .    n - +1 war axe (drain)
rCold   . . .      Faith    .    c - +0 buckler
rNeg    . . .      Spirit   .    r - +0 plate armour
rPois   .          Reflect  .    (helmet restricted)
rElec   .          Harm     .    (no cloak)
rCorr   .          Rampage  .    (no gloves)
Will    .....                    j - +0 pair of boots
Stlth   ..........               (no amulet)
HPRegen 0.33/turn                (no ring)
MPRegen 0.11/turn                (no ring)

@: gold aura
A: horns 2, retaliatory headbutt, talons 1, dopey 1, heat vulnerability 1
a: Renounce Religion, Potion Petition, Call Merchant, Bribe Branch


You were in a bailey.
You worshipped Gozag.
Gozag was pleased with you.
You visited 2 branches of the dungeon, and saw 8 of its levels.
You also visited: Bailey.

You collected 659 gold pieces.
You paid 84 gold pieces to Gozag.

Inventory:

Hand Weapons
 n - a +1 war axe of draining (weapon)
Armour
 c - a +0 buckler (worn)
 j - a +0 pair of boots (worn)
 r - a +0 plate armour (worn)
Jewellery
 e - a ring of willpower
 l - a +6 ring of intelligence
Wands
 a - a wand of roots (11)
 d - a wand of polymorph (6)
Scrolls
 f - 2 scrolls of noise
 h - 2 scrolls of identify
 k - 2 scrolls of vulnerability
Potions
 g - a potion of brilliance
 o - a potion of cancellation


   Skills:
 + Level 8.0 Fighting
 + Level 7.5 Axes
 + Level 8.1 Armour
 + Level 8.0 Shields


You had 8 spell levels left.
You didn't know any spells.
Your spell library contained the following spells:

 Spells                   Type           Power      Damage    Failure   Level
 Magic Dart               Conj           0%         1d3       100%        1
 Slow                     Hex            0%         N/A       100%        1
 Call Imp                 Summ           0%         N/A       100%        2
 Confusing Touch          Hex            0%         N/A       100%        3
 Ignite Poison            Fire/Tmut/Pois 0%         N/A       100%        3
 Mephitic Cloud           Conj/Pois/Air  0%         N/A       100%        3
 Vampiric Draining        Necr           0%         2d6       100%        3
 Vhi's Electric Charge    Tloc/Air       0%         N/A       100%        3
 Sticky Flame             Conj/Fire      0%         2d3       100%        4
 Arcjolt                  Conj/Air       0%         1d10      100%        5
 Ignition                 Fire           0%         3d3       100%        8
 Maxwell's Capacitive Co  Air            0%         ∞         100%        8


Dungeon Overview and Level Annotations

Branches:
Dungeon (7/15)             Temple (1/1) D:4          Bailey (1/1)

Altars:
Ashenzari
Cheibriados
Dithmenos
Elyvilon
Fedhas
Gozag
Hepliaklqana
Kikubaaqudgha
Makhleb
Nemelex Xobeh
Okawaru
Qazlal
Ru
Sif Muna
Trog
Uskayaw
Wu Jian
Xom
Yredelemnul
Zin
The Shining One

Annotations:
D:3 3 runed translucent doors, GiantSquids's ghost, amateur GrBe
D:4 exclusion: 4 oklob plants
D:5 exclusion: 3 oklob plants
D:6 exclusion: oklob plant
D:7 1 runed translucent door, Crazy Yiuf Bailey exclusion: oklob plant


Innate Abilities, Weirdness & Mutations

You have a pair of horns on your head.
You reflexively headbutt those who attack you in melee.
You have sharp toenails.
You are dopey. (Int -2)
You are vulnerable to heat. (rF-)


Message History

* * * LOW HITPOINT WARNING * * *
You barely miss the orc zombie.
The orc zombie is severely damaged.
The orc warrior zombie is no longer distracted by gold.
You block the orc zombie's attack.
The orc warrior zombie hits you but does no damage.
The orc zombie hits you from afar with a +0 spear.
* * * LOW HITPOINT WARNING * * *
You barely miss the orc zombie. You headbutt the orc zombie.
The orc zombie is almost destroyed.
The orc warrior zombie hits you but does no damage.
You block the orc zombie's attack.
The orc warrior zombie hits you but does no damage.
The orc zombie barely misses you.
You hit the orc zombie.
You destroy the orc zombie!
The orc warrior zombie barely misses you.
You block the orc warrior zombie's attack.
The orc zombie is distracted by your dazzling golden aura.
The orc warrior zombie is distracted by your dazzling golden aura.
Things that are here:
7 gold pieces; a +0 spear You slash the orc warrior zombie!
The orc warrior zombie is no longer distracted by gold.
The orc warrior zombie is moderately damaged.
You hit the orc zombie.
The orc zombie is no longer distracted by gold.
The orc zombie closely misses you.
The orc warrior zombie hits you from afar with a +0 halberd.
* * * LOW HITPOINT WARNING * * *
The orc warrior zombie hits you with a +0 trident.
* * * LOW HITPOINT WARNING * * *
Okay, then.
Okay, then.
You hit the orc warrior zombie.
The orc warrior zombie is heavily damaged.
You barely miss the orc zombie.
The orc zombie hits you with a +0 spear.
You die...
Your body crumbles into a pile of gold.

#### +..+ #..# #ZZ#
.......♣.#@$#.≈≈#
....♣Z♣....#..#.≈≈.##
............#Z.#.≈≈..####
##...♣..♣$..$+..# ≈≈..#..##
#..♣..♣♣..$$.#### ≈......#
.....♣...$.Z#########...∩.#
.......................f..#
♣....).......Z.).....f..#
..♣....)....#########$f.∩.#


You could see an orc zombie and 2 orc warrior zombies.

Vanquished Creatures
  A gargoyle (Bailey)
  Grinder (D:3)
  Sigmund (D:3)
  A sky beast (D:6)
  An ogre (D:4)
  2 centaurs
  4 bullfrogs
  A necrophage (D:6)
  A scorpion (D:6)
  A jelly (D:7)
  2 orc priests
  A gnoll bouda (D:6)
  2 hounds
  Ijyb (D:3)
  Terence (D:3)
  Jessica (D:3)
  2 iguanas
  4 orc wizards
  8 wandering mushrooms
  3 gnolls (D:6)
  6 adders
  2 white imps
  A worm (D:2)
  5 dart slugs
  15 orcs
  4 ball pythons
  6 bats
  9 endoplasms
  3 giant cockroaches
  7 hobgoblins
  10 jackals
  5 quokkas
  A frilled lizard (D:1)
  14 goblins
  7 kobolds
  10 orc zombies (Bailey)
  7 rats
151 creatures vanquished.

Vanquished Creatures (collateral kills)
  Blork the orc (D:6)
1 creature vanquished.

Vanquished Creatures (others)
  A wandering mushroom (D:4)
1 creature vanquished.

Grand Total: 153 creatures vanquished

Notes
Turn   | Place    | Note
-------+----------+-------------------------------------------
     0 | D:1      | retardedninja the Minotaur Fighter began the quest for the
                  | Orb.
     0 | D:1      | Reached XP level 1. HP: 19/19 MP: 0/0
    99 | D:1      | Reached XP level 2. HP: 27/27 MP: 1/1
   192 | D:1      | Reached XP level 3. HP: 33/33 MP: 2/2
   893 | D:2      | Identified the +1 robe of Sif Muna's Indignation {+Inv}
  1247 | D:2      | Reached XP level 4. HP: 40/40 MP: 3/3
  1467 | D:3      | Noticed Grinder
  1483 | D:3      | Killed Grinder
  1484 | D:3      | Reached skill level 5 in Fighting
  1484 | D:3      | Reached skill level 5 in Armour
  1484 | D:3      | Reached skill level 5 in Shields
  1484 | D:3      | Reached XP level 5. HP: 26/48 MP: 4/4
  1484 | D:3      | Reached XP level 6. HP: 31/56 MP: 5/5
  1692 | D:3      | Noticed Jessica
  1694 | D:3      | Found a runed translucent gate.
  1694 | D:3      | Found a runed translucent gate.
  1694 | D:3      | Found a runed translucent gate.
  1695 | D:3      | Found an opulent altar of Gozag.
  1695 | D:3      | Noticed GiantSquids's ghost (amateur GrBe)
  1700 | D:3      | Killed Jessica
  1774 | D:3      | Found a faded altar of an unknown god.
  1800 | D:3      | Noticed Terence
  1814 | D:3      | Killed Terence
  2096 | D:3      | Noticed Ijyb
  2108 | D:3      | Killed Ijyb
  2136 | D:3      | Noticed Sigmund
  2143 | D:3      | Killed Sigmund
  2144 | D:3      | Reached skill level 5 in Axes
  2144 | D:3      | Reached XP level 7. HP: 45/62 MP: 6/6
  2494 | D:3      | Found a faded altar of an unknown god.
  2617 | D:3      | Found a sacrificial altar of Ru.
  2625 | D:3      | Prayed at the altar of an unknown god.
  2625 | D:3      | Became a worshipper of Fedhas Madash
  2625 | D:3      | Reached * piety under Fedhas
  2626 | D:3      | Fell from the grace of Fedhas
  2895 | D:4      | Found a staircase to the Ecumenical Temple.
  2917 | Temple   | Entered the Ecumenical Temple
  3015 | Temple   | Became a worshipper of Gozag Ym Sagoz the Greedy
  3221 | D:4      | Found a glowing silver altar of Zin.
  3221 | D:4      | Noticed an angel
  3308 | D:4      | Found a stormy altar of Qazlal.
  3607 | D:4      | Noticed an oklob plant
  3607 | D:4      | Noticed an oklob plant
  3607 | D:4      | Noticed a wandering mushroom
  3607 | D:4      | Noticed an oklob plant
  3607 | D:4      | Noticed a wandering mushroom
  3607 | D:4      | Noticed an oklob plant
  3954 | D:4      | Gained mutation: You are dopey. (Int -2) [potion of
                  | mutation]
  3954 | D:4      | Gained mutation: You are vulnerable to heat. (rF-) [potion
                  | of mutation]
  3954 | D:4      | Gained mutation: You have sharp toenails. [potion of
                  | mutation]
  4840 | D:4      | HP: 1/63 [oklob plant/splash of acid[the enmity of Fedhas
                  | Madash] (23)]
  5640 | D:5      | Entered Level 5 of the Dungeon
  6228 | D:5      | Reached XP level 8. HP: 69/71 MP: 7/7
  6393 | D:5      | Noticed a wandering mushroom
  6393 | D:5      | Noticed a wandering mushroom
  6400 | D:5      | Killed a wandering mushroom
  6401 | D:5      | Killed a wandering mushroom
  6436 | D:5      | Noticed an oklob plant
  6436 | D:5      | Noticed a wandering mushroom
  6436 | D:5      | Noticed a wandering mushroom
  6436 | D:5      | Noticed an oklob plant
  6436 | D:5      | Noticed an oklob plant
  6436 | D:5      | Noticed a wandering mushroom
  6484 | D:5      | Killed a wandering mushroom
  6485 | D:5      | Killed a wandering mushroom
  6491 | D:5      | Killed a wandering mushroom
  6835 | D:6      | Noticed Blork the orc
  6866 | D:6      | Killed Blork the orc
  7251 | D:6      | Found a hazy altar of Hepliaklqana.
  7477 | D:6      | Noticed an oklob plant
  7477 | D:6      | Noticed a wandering mushroom
  7477 | D:6      | Noticed a wandering mushroom
  7480 | D:6      | Killed a wandering mushroom
  8643 | D:7      | Found a blossoming altar of Fedhas.
  8707 | D:7      | Found a runed translucent door.
  8708 | D:7      | Noticed Crazy Yiuf
  8827 | D:7      | Found a flagged portal.
  8850 | Bailey   | Entered a bailey
  8904 | Bailey   | Noticed a gargoyle
  8914 | Bailey   | Killed a gargoyle
  8915 | Bailey   | Reached XP level 9. HP: 21/81 MP: 8/8
  8939 | Bailey   | Noticed a wandering mushroom
  8939 | Bailey   | Noticed an oklob plant
  8939 | Bailey   | Noticed a wandering mushroom
  8939 | Bailey   | Noticed a wandering mushroom
  8939 | Bailey   | Noticed a wandering mushroom
  8949 | Bailey   | HP: 4/81 [orc warrior zombie/+0 halberd (3)]
  8950 | Bailey   | Slain by an orc zombie

Illustrated notes

Levels and vault maps discovered:
D:1:      dpeg_arrival_tiny_c, layout_basic, kennysheep_doodads
D:2:      layout_basic
D:3:      layout_basic, nicolae_overflow_ecumenical_swirl, ebering_ghost_gozag,
          ebering_ecumenical_altar_webs, uniq_sigmund, uniq_grinder,
          uniq_jessica, uniq_ijyb, uniq_terence
D:4:      layout_basic, zin_angel, mainiacjoe_overflow_brackets,
          temple_fountains, grunt_decor_junction
D:5:      layout_loops_ring
D:6:      layout_loops_ring, lemuel_crystal_altar, uniq_blork_the_orc
D:7:      gammafunk_cloud_chamber, layout_basic, fedhas_altar_1, enter_bailey_5,
          uniq_crazy_yiuf_cottage
Temple:   minmay_temple_bridge_d
Bailey:   bailey_polearm_vampire_castle_hellmonk, bailey

Skill      XL: |  1  2  3  4  5  6  7  8 |
---------------+-------------------------+-----
Shields        | 4 5 6 8 |  8.0
Fighting       | 4 5 6 8 |  8.0
Armour         | 4 5 6 8 |  8.1
Axes           | 3 4 5 6 7 |  7.5

Action                   |  1- 3 |  4- 6 |  7- 9 || total
-------------------------+-------+-------+-------++-------
Melee: War axe           |    78 |    49 |   217 ||   344
       Headbutt          |    12 |     5 |    49 ||    66
       Unarmed           |       |     3 |       ||     3
       Kick              |       |       |    36 ||    36
Invok: Renounce Religion |       |       |     1 ||     1
  Use: Potion            |       |     1 |    11 ||    12
       Scroll            |       |     6 |     7 ||    13
Armor: Scale mail        |    33 |    24 |    21 ||    78
       Plate armour      |       |       |   124 ||   124
Dodge: Dodged            |    45 |    20 |    80 ||   145
Block: Buckler           |    19 |     7 |    47 ||    73

Table legend: (Time is in decaauts)
 A = Elapsed time spent in this place.
 B = Non-inter-level travel time spent in this place.
 C = Inter-level travel time spent in this place.
 D = Time resting spent in this place.
 E = Time spent auto-exploring this place.
 F = Levels seen in this place.
 G = Mean time per level.
                   A        B        C        D        E       F      G
               +--------+--------+--------+--------+--------+-----+--------+
         Total |   9052 |   8786 |    266 |   2941 |   4640 |   9 | 1005.8 |
       Dungeon |   8778 |   8612 |    166 |   2935 |   4533 |   7 | 1254.0 |
        Temple |    171 |     71 |    100 |      0 |     63 |   1 |  171.0 |
        Bailey |    102 |    102 |      0 |      6 |     44 |   1 |  102.0 |
               +--------+--------+--------+--------+--------+-----+--------+

Top non-repeatable levels by time:
     D:4: 2592 daAuts
     D:6: 1865 daAuts
     D:3: 1479 daAuts
     D:5: 1068 daAuts
     D:2: 740 daAuts
     D:1: 702 daAuts
     D:7: 330 daAuts
  Temple: 171 daAuts
  Bailey: 102 daAuts
